 Dungeon Crawl Stone Soup version 0.32-a0-290-g598725c5f2 (webtiles) character file.

Game seed: 2372096545746563764

25 Bravepunisher the Ducker (level 2, -2/16 HPs)
             Began as a Spriggan Monk on Feb 13, 2024.
             Slain by a hound (5 damage)
             ... on level 5 of the Dungeon.
             The game lasted 00:02:23 (432 turns).

Bravepunisher the Ducker (Spriggan Monk)             Turns: 432, Time: 00:02:23

Health: -2/16      AC:  3    Str:  7    XL:     2   Next: 82%
Magic:  3/3        EV: 19    Int: 11    God:
Gold:   111        SH:  0    Dex: 17    Spells: 1/1 levels left

rFire   . . .        a - +0 short sword
rCold   . . .        (no shield)
rNeg    . . .        b - +0 robe
rPois   .            (helmet restricted)
rElec   .            e - +0 cloak
rCorr   .            (gloves unavailable)
SInv    +            (boots unavailable)
Will    .....        (no amulet)
Stlth   ++           (no ring)
HPRegen 0.22/turn    (no ring)
MPRegen 0.08/turn

%: no passive effects
@: very quick
A: very small, no large weapons, unfitting armour, see invisible, speed 3
a: no special abilities


You were on level 5 of the Dungeon.
You visited 1 branch of the dungeon, and saw 6 of its levels.

You collected 111 gold pieces.

Inventory:

Hand Weapons
 a - a +0 short sword (weapon)
Armour
 b - a +0 robe (worn)
 e - a +0 cloak (worn)
Potions
 c - a potion of ambrosia
 f - 2 potions of cancellation


   Skills:
 + Level 2.7 Fighting
 - Level 3.2 Short Blades
 * Level 5.0 Dodging


You had one spell level left.
You didn't know any spells.
Your spell library was empty.

Dungeon Overview and Level Annotations

Branches:
Dungeon (6/15)
 Temple: D:4-7

Altars:


Innate Abilities, Weirdness & Mutations

You are very small and have problems with some larger weapons.
You are too small for most types of armour.
You have supernaturally acute eyesight. (SInv)
You cover ground extremely quickly. (Speed+++)


Message History

You hit the hound.
The hound is lightly wounded.
The hound barely misses you. The hound misses you.
You closely miss the hound.
The hound is lightly wounded.
The hound closely misses you.
You closely miss the hound.
The hound is lightly wounded.
The hound completely misses you.
You miss the hound.
The hound is lightly wounded.
The hound barely misses you.
You hit the hound.
The hound is moderately wounded.
The hound closely misses you.
You hit the hound.
The hound is heavily wounded.
The hound closely misses you.
The hound pauses to sniff the ground.
The hound bites you.
You hit the hound.
The hound is severely wounded.
The hound bites you.
You miss the hound.
The hound is severely wounded.
The hound completely misses you.
You closely miss the hound.
The hound is severely wounded.
The hound closely misses you. x2
You barely miss the hound.
The hound is severely wounded.
The hound misses you.
You barely miss the hound.
The hound is severely wounded.
The hound bites you.
* * * LOW HITPOINT WARNING * * *
You hit the hound but do no damage.
The hound is severely wounded.
The hound bites you.
You die...

#.....#.#..##.
#.##..<.#.##
#.#.##..#
#.......#
#####.####..#
#.....S# .#
#.##.#h# #
#.#h# #.#@#
#.#.# #.#.#
#.#.# #.# #.#
###


You could see a water moccasin and 2 hounds.

Vanquished Creatures
  A dart slug (D:1)
  2 bats
  An endoplasm (D:1)
  3 goblins
  A hobgoblin (D:4)
  A quokka (D:1)
  A ball python (D:4)
  A frilled lizard (D:2)
  2 rats
13 creatures vanquished.

Notes
Turn   | Place    | Note
-------+----------+-------------------------------------------
     0 | D:1      | Bravepunisher the Spriggan Monk began the quest for the
                  | Orb.
     0 | D:1      | Reached XP level 1. HP: 11/11 MP: 2/2
   118 | D:1      | Reached XP level 2. HP: 16/16 MP: 3/3
   270 | D:4      | Reached skill level 5 in Dodging
   276 | D:5      | Entered Level 5 of the Dungeon
   285 | D:6      | Noticed an ice beast
   292 | D:5      | Noticed a bombardier beetle
   300 | D:4      | Noticed a howler monkey
   359 | D:5      | Noticed a water moccasin
   432 | D:5      | Slain by a hound

Illustrated notes

Levels and vault maps discovered:
D:1:      eino_arrival_water_cross, layout_rooms
D:2:      layout_basic
D:3:      layout_rooms, general_overflow_altar
D:4:      layout_basic, serial_shops, shop, sigmund_army, uniq_eustachio,
          uniq_pargi, uniq_ijyb
D:5:      minmay_clustersquares, layout_basic, minmay_overflow_temple_star_hex
D:6:      layout_basic, minmay_temple_entry_ruins, palyth_stone_intersect

Skill      XL: |  1  2 |
---------------+-------+-----
Dodging        | 5 |  5.0
Fighting       | |  2.7
Short Blades   | |  3.2

Action                     || total
---------------------------++-------
  Melee: Short sword       ||    55
    Use: Scroll            ||     1
   Stab: Sleeping          ||     2
 Armour: Robe              ||    20
  Dodge: Dodged            ||    81

Table legend: (Time is in decaauts)
 A = Elapsed time spent in this place.
 B = Non-inter-level travel time spent in this place.
 C = Inter-level travel time spent in this place.
 D = Time resting spent in this place.
 E = Time spent auto-exploring this place.
 F = Levels seen in this place.
 G = Mean time per level.
                   A        B        C        D        E       F      G
               +--------+--------+--------+--------+--------+-----+--------+
         Total |    305 |    305 |      0 |      0 |     89 |   6 |   50.8 |
       Dungeon |    305 |    305 |      0 |      0 |     89 |   6 |   50.8 |
               +--------+--------+--------+--------+--------+-----+--------+

Top non-repeatable levels by time:
     D:1: 132 daAuts
     D:5: 60 daAuts
     D:2: 46 daAuts
     D:4: 45 daAuts
     D:3: 12 daAuts
     D:6: 7 daAuts
